 Dungeon Crawl Stone Soup version 0.17.2-1-ge4368a0 (webtiles) character file.

2796 Goblin1989 the Agent of Entropy (level 9, -7/67 HPs)
             Began as a Demonspawn Abyssal Knight on Sept 14, 2016.
             Was a Priest of Lugonu.
             Mangled by a troll (12 damage)
             ... on level 9 of the Dungeon on Sept 16, 2016.
             The game lasted 00:26:21 (7318 turns).

Goblin1989 the Agent of Entropy (DsAK)              Turns: 7318, Time: 00:26:22

Health: -7/67      AC: 16    Str: 17    XL:     9   Next: 43%
Magic:  15/15      EV: 12    Int: 13    God:    Lugonu [***...]
Gold:   246        SH:  9    Dex: 12    Spells: 1 memorised, 6 levels left

rFire  + . .     SeeInvis .     B - +0 war axe
rCold  . . .     Clarity  .     y - +2 ring mail {rF+}
rNeg   . . .     SustAt   .     e - +0 shield
rPois  .         Gourm    .     (no helmet)
rElec  .         Spirit   .     t - +0 cloak
rCorr  .         Warding  .     d - +2 pair of gloves
rMut   .         Stasis   .     (no boots)
MR     .....                    (no amulet)
Stlth  +.........               (no ring)
                                C - +4 ring of evasion

@: not resistant to hostile enchantments, very unstealthy
A: talons 2, iridescent scales 1, demonic guardian 1, rot immunity
a: Depart the Abyss, Bend Space, Banish, Renounce Religion


You were on level 9 of the Dungeon.
You worshipped Lugonu.
Lugonu was most pleased with you.
You were hungry.

You visited 1 branch of the dungeon, and saw 10 of its levels.
You visited the Abyss 1 time.

You collected 396 gold pieces.
You spent 150 gold pieces at shops.

Inventory:

Hand Weapons
 B - a +0 war axe (weapon)
Armour
 d - a +2 pair of gloves (worn)
 e - a +0 shield (worn)
 t - a +0 cloak (worn)
 y - a +2 ring mail of fire resistance (worn)
 A - the +0 large shield of Foczul {+Blink rC+ rN+}
   (You found it on level 6 of the Dungeon)

   It protects you from cold.
   It protects you from negative energy.
   It lets you blink.
Jewellery
 C - a +4 ring of evasion (left hand)
Wands
 w - a wand of digging (6)
Scrolls
 a - a scroll of immolation {unknown}
 b - 2 scrolls of noise {unknown}
 f - 5 scrolls of remove curse
 g - 2 scrolls of random uselessness {unknown}
 j - 4 scrolls of identify
 l - a scroll of magic mapping {unknown}
 o - 2 scrolls of fear {unknown}
 p - 2 scrolls of teleportation
 u - a scroll of enchant armour {unknown}
 v - 2 scrolls of fog {unknown}
 x - a scroll of blinking {unknown}
 E - a scroll of vulnerability {unknown}
Potions
 q - 3 potions of curing
 r - 2 potions of invisibility
 s - 2 potions of resistance
 z - a potion of flight
Books
 m - a book of Unlife

   Spells                             Type                      Level
   a - Recall                         Summoning/Translocation      3
   b - Animate Dead                   Necromancy                   4
   c - Control Undead                 Necromancy                   4
   d - Cigotuvi's Embrace             Necromancy                   5
   e - Death Channel                  Necromancy                   6
   f - Simulacrum                     Ice/Necromancy               6
Comestibles
 c - 6 bread rations
 h - 4 meat rations
 i - a slice of pizza
 k - 3 fruits
 n - 7 beef jerkies


   Skills:
 + Level 4.8 Fighting
 * Level 8.5 Axes
 + Level 3.9 Armour
 - Level 0.8 Dodging
 + Level 3.4 Shields
 + Level 8.6 Invocations


You had 6 spell levels left.
You knew the following spells:

 Your Spells              Type           Power        Failure   Level  Hunger
a - Repel Missiles        Chrm/Air       #.....       100%        2    ###....


Dungeon Overview and Level Annotations

Branches:
Dungeon (10/15)            Temple (0/1) D:5
   Lair: D:8-11         Orc: D:9-12

Altars:
Ashenzari
Dithmenos
Elyvilon
Fedhas
Gozag
Nemelex Xobeh
Okawaru
Ru
Sif Muna
Trog
Vehumet
Yredelemnul
Zin

Shops:
D:5 *   D:7 *

Annotations:
D:4 Eustachio, Pikel


Innate Abilities, Weirdness & Mutations

You have razor-sharp toenails.
You are partially covered in iridescent scales (AC +4).
A weak demonic guardian rushes to your aid.
You are immune to rotting.


Message History

You take 19 damage, and have 12/67 hp.
MASSIVE DAMAGE!!
You hit the troll but do no damage.
The troll is almost dead.
The troll bites you but does no damage. The troll claws you but does no damage.
You block the troll's attack.
Unknown command.
You barely miss the troll.
The troll is almost dead.
The troll barely misses you. The troll claws you but does no damage.
The troll barely misses you.
Unknown command.
Your shield and ring mail prevent you from hitting the troll.
You claw the troll.
The troll is almost dead.
You block the troll's attack. The troll claws you but does no damage.
The troll completely misses you. The troll bites you!
* * * LOW HITPOINT WARNING * * *
You block the troll's attack. The troll claws you!
You die...

#..... #..... #.....
#..... #..... #.....
#<....
#.#################.....
......T@.)<....!........
.........)..............
..>.############.#######
... #. . #


You could see a troll.

Vanquished Creatures
  Menkaure (D:6)
  2 orc warriors (D:8)
  2 ice beasts
  4 ogres
  2 phantoms (D:8)
  A crocodile (D:7)
  3 giant frogs
  2 scorpions
  2 crimson imps (D:6)
  8 hounds
  A quasit (D:7)
  A giant frog zombie (D:8)
  A giant frog skeleton (D:7)
  2 jellies
  7 orc priests
  3 worker ants
  An iguana (D:6)
  3 orc wizards
  A hound zombie (D:7)
  The ghost of pedritolo the Charlatan, a weakling SpAr (D:8)
  A gnoll (D:4)
  3 adders
  2 oozes
  An adder zombie (D:7)
  An adder skeleton (D:6)
  5 giant geckos
  32 orcs
  3 bats (D:1)
  2 giant cockroaches
  2 gnoll zombies (D:2)
  8 goblins
  8 hobgoblins
  9 jackals
  2 quokkas
  A ball python (D:1)
  4 giant newts
  11 kobolds
  6 rats
149 creatures vanquished.

Vanquished Creatures (collateral kills)
  A centaur (D:8)
  A big kobold (D:9)
  A giant frog (D:7)
  2 orc wizards
  2 hounds
  2 orcs
  A quokka (D:7)
10 creatures vanquished.

Vanquished Creatures (others)
  A wyvern (D:8)
  A hungry ghost (D:8)
  3 orc warriors
  An orc priest (D:8)
6 creatures vanquished.

Grand Total: 165 creatures vanquished

Notes
Turn   | Place    | Note
--------------------------------------------------------------
     0 | Abyss:1  | Goblin1989 the Demonspawn Abyssal Knight began the quest for the Orb.
     0 | Abyss:1  | Reached XP level 1. HP: 18/18 MP: 2/2
    36 | Abyss:1  | Noticed a raiju
    38 | D:1      | Escaped the Abyss
   248 | D:1      | Reached * piety under Lugonu
   248 | D:1      | Gained mutation: A weak demonic guardian rushes to your aid. [demonic ancestry]
   248 | D:1      | Reached XP level 2. HP: 22/24 MP: 4/4
   840 | D:2      | Found a sparkling altar of Nemelex Xobeh.
   885 | D:2      | Gained mutation: You have sharp toenails. [demonic ancestry]
   885 | D:2      | Reached XP level 3. HP: 29/29 MP: 5/5
   900 | D:2      | Found a shadowy altar of Dithmenos.
   945 | D:2      | Found a faded altar to an unknown god.
  1086 | D:2      | Found a basalt altar of Yredelemnul.
  1325 | D:2      | Found a sacrificial altar of Ru.
  1384 | D:2      | Reached ** piety under Lugonu
  1731 | D:2      | Found a bloodstained altar of Trog.
  2240 | D:4      | Gained mutation: You are partially covered in iridescent scales (AC +4). [demonic ancestry]
  2240 | D:4      | Reached XP level 4. HP: 31/35 MP: 6/6
  2281 | D:4      | Noticed a slave
  2281 | D:4      | Noticed a slave
  2282 | D:4      | Noticed Pikel
  2466 | D:4      | Noticed Eustachio
  2478 | D:5      | Entered Level 5 of the Dungeon
  2522 | D:5      | Reached skill level 4 in Invocations
  2627 | D:5      | Noticed an ogre
  2639 | D:5      | Killed an ogre
  2639 | D:5      | Reached XP level 5. HP: 22/41 MP: 8/8
  2914 | D:5      | Found a shattered altar of Ashenzari.
  2936 | D:5      | Found Kuithrad's General Store.
  2942 | D:5      | Bought a potion of curing for 36 gold pieces
  3002 | D:5      | Noticed an ice beast
  3014 | D:5      | Killed an ice beast
  3014 | D:5      | Reached skill level 5 in Invocations
  3014 | D:5      | Reached XP level 6. HP: 42/47 MP: 9/9
  3017 | D:5      | Found a staircase to the Ecumenical Temple.
  3049 | D:5      | Reached skill level 5 in Axes
  3174 | D:5      | Noticed a phantom
  3347 | D:6      | Found a radiant altar of Vehumet.
  3476 | D:6      | Found an iron altar of Okawaru.
  3477 | D:6      | Found a deep blue altar of Sif Muna.
  3496 | D:6      | Reached skill level 6 in Invocations
  3534 | D:6      | Reached XP level 7. HP: 37/52 MP: 11/11
  3559 | D:6      | Reached *** piety under Lugonu
  3668 | D:6      | Noticed Menkaure
  3679 | D:6      | Killed Menkaure
  3870 | D:6      | Got a warped large shield
  3885 | D:6      | Identified the cursed +0 large shield of Foczul {+Blink rC+ rN+} (You found it on level 6 of the Dungeon)
  4003 | D:6      | Reached skill level 1 in Shields
  4047 | D:6      | Found a white marble altar of Elyvilon.
  4203 | D:7      | Learned a level 2 spell: Repel Missiles
  4296 | D:7      | Found a glowing silver altar of Zin.
  4297 | D:7      | Found an opulent altar of Gozag.
  4480 | D:7      | Gained mutation: You are immune to rotting. [demonic ancestry]
  4480 | D:7      | Reached XP level 8. HP: 52/58 MP: 13/13
  4500 | D:7      | Reached skill level 7 in Axes
  4781 | D:7      | Found Dito's General Store.
  4791 | D:7      | Bought a scroll of teleportation for 36 gold pieces
  4791 | D:7      | Bought a scroll of amnesia for 42 gold pieces
  4791 | D:7      | Bought a potion of poison for 12 gold pieces
  4791 | D:7      | Bought a scroll of identify for 24 gold pieces
  5887 | D:8      | Noticed pedritolo's ghost (weakling SpAr)
  5895 | D:8      | Killed pedritolo's ghost
  6192 | D:8      | Gained mutation: You have razor-sharp toenails. [demonic ancestry]
  6192 | D:8      | Reached XP level 9. HP: 58/66 MP: 14/14
  6200 | D:8      | Reached skill level 8 in Invocations
  6863 | D:8      | You fall through a shaft for 2 floors!
  6863 | D:10     | Entered Level 10 of the Dungeon
  6924 | D:9      | Found a sparkling altar of Nemelex Xobeh.
  6970 | D:9      | Found a blossoming altar of Fedhas.
  7318 | D:9      | Mangled by a troll

Action                   |  1- 3 |  4- 6 |  7- 9 || total
-------------------------+-------+-------+-------++-------
Melee: Hand axe          |   135 |   142 |    28 ||   305
       War axe           |       |       |   369 ||   369
Invok: Depart the Abyss  |     1 |       |       ||     1
       Banish            |       |       |     6 ||     6
  Use: Scroll            |     4 |     4 |     4 ||    12
       Potion            |       |     2 |     2 ||     4
  Eat: Chunk             |     3 |     6 |    15 ||    24
